Demolitions vs Punishers (R2)

Created - 8 novembre 2012 at 19:30

Simulating a Pre-Season

Goals
1 2 3 T
Demolitions 0 1 3 4
Punishers 1 0 2 3
Shots
1 2 3 T
Demolitions 12 10 9 31
Punishers 15 6 18 39

1st period

1. Punishers , Kris Chucko 1 (Ryan White) at 6:26

Penalties :
Kris Chucko (Pro) for Hooking (Minor) at 9:04, Petr Vrana (Vic) for High sticking (Minor) at 9:04, Andrew Bodnarchuk (Pro) for Holding (Minor) at 15:51

2nd period

2. Demolitions , Ryan Craig 3 (Taylor Chorney, Petr Vrana) at 9:31

Penalties :
Vince Rocco (Vic) for Holding (Minor) at 11:51, Kirk Maltby (Pro) for Slashing (Double Minor) at 15:50, Dennis Seidenberg (Vic) for Hooking (Minor) at 17:10

3rd period

3. Demolitions , Brad Richardson 5 (Janne Niskala, Jeremy Williams) at 0:29
4. Punishers , Matt Carkner 1 (Shawn Thornton, Ryan White) at 3:31 (PP)
5. Punishers , Ryan White 2 (Kris Chucko, Jean-Michel Daoust) at 6:50
6. Demolitions , Brandon Bochenski 3 (Anton Babchuk, Vince Rocco) at 8:09
7. Demolitions , Brad Richardson 6 (Janne Niskala, Jeremy Williams) at 8:19

Penalties :
Jean-Luc Grand-Pierre (Pro) for Interference (Minor) at 0:32, Brad Richardson (Vic) for Hooking (Minor) at 0:32, Vladimir Mihalik (Vic) for Tripping (Minor) at 3:03, Jeremy Williams (Vic) for Holding (Minor) at 15:49

Goalie Stats

Antero Niittymaki (Vic), 36 saves from 39 shots - (0,923), W, 4-2-0, 60:00 minutes
Curtis McElhinney (Pro), 27 saves from 31 shots - (0,871), L, 1-2-0, 59:01 minutes

Players Stats for Demolitions

Player Name              G  A  P  +/- PIM S  H  SB GA TA FO     MP     PP MP  PK MP  
------------------------------------------------------------------------------------
Andy Rogers              0  0  0   1  0   2  0  0  0  2  0/0    19:47   1:59   1:56 
Anssi Salmela            0  0  0  -2  0   0  0  0  0  0  0/0     4:34   0:00   0:00 
Anthony Stewart          0  0  0   0  0   4  1  0  1  0  0/0    17:11   1:56   0:14 
Anton Babchuk            0  1  1   1  0   0  2  0  0  0  0/0    19:47   1:59   1:56 
Brad Richardson          2  0  2   1  2   6  2  1  0  1  21/37  25:11   2:03   2:48 
Brandon Bochenski        1  0  1   1  0   5  0  0  0  0  2/2    15:30   0:00   0:00 
Dennis Seidenberg        0  0  0   2  2   0  1  1  0  0  0/0    26:06   2:22   2:30 
Janne Niskala            0  2  2   2  0   2  1  3  0  1  0/0    26:46   2:00   2:30 
Jeremy Williams          0  2  2   1  2   3  1  0  1  0  4/4    22:01   2:03   1:48 
Kyle Wharton             0  0  0  -2  0   0  0  0  0  0  0/0     4:34   0:00   0:00 
Marc-André Bernier       0  0  0   0  0   1  2  0  0  0  0/0     7:36   0:00   0:00 
Marco Sturm              0  0  0   1  0   3  2  0  3  0  1/1    18:32   1:40   1:33 
Masi Marjamaki           0  0  0   1  0   1  2  0  0  0  1/1    13:21   0:00   1:15 
Petr Vrana               0  1  1   0  2   1  4  1  0  0  0/0    15:53   1:56   0:03 
Robert Bortuzzo          0  0  0   0  0   0  0  0  0  0  0/0     0:00   0:00   0:00 
Robert Klinkhammer       0  0  0   0  0   0  1  0  0  0  0/0     5:30   0:00   0:00 
Ryan Craig               1  0  1   0  0   2  1  0  1  0  3/10   16:43   1:56   1:08 
Taylor Chorney           0  1  1   1  0   0  0  1  0  0  0/0     9:39   0:00   0:00 
Vince Rocco              0  1  1   1  2   0  0  0  1  0  3/5    11:42   0:00   0:03 
Vladimir Mihalik         0  0  0   1  2   1  0  0  0  2  0/0     9:08   0:00   0:00 

Players Stats for Punishers

Player Name              G  A  P  +/- PIM S  H  SB GA TA FO     MP     PP MP  PK MP  
------------------------------------------------------------------------------------
Aaron Palushaj           0  0  0  -1  0   0  0  0  0  0  1/3    13:34   0:00   1:20 
Adam McQuaid             0  0  0   1  0   0  0  2  0  0  0/0    13:41   0:00   0:00 
Andrew Bodnarchuk        0  0  0   1  2   0  0  1  0  0  0/0    12:03   0:00   0:00 
Jason Gregoire           0  0  0   0  0   0  1  0  0  0  0/0     6:31   0:00   0:00 
Jean-Luc Grand-Pierre    0  0  0  -2  2   4  2  3  0  0  0/0    26:57   2:31   1:55 
Jean-Michel Daoust       0  1  1   0  0   1  2  0  0  0  0/0     6:31   0:00   0:00 
Joe Vitale               0  0  0  -1  0   1  0  1  0  0  3/9    14:06   0:00   1:02 
Kirk Maltby              0  0  0  -2  4   5  1  0  2  0  3/6    21:44   2:35   1:11 
Kris Chucko              1  1  2   1  2   6  0  0  2  0  0/0    15:32   0:00   1:49 
Leo Komarov              0  0  0   0  0   3  0  0  0  0  0/0     8:46   0:15   0:06 
Marc-André Bergeron      0  0  0  -2  0   6  1  1  0  2  0/0    28:18   2:31   1:55 
Matt Carkner             1  0  1  -1  0   6  1  0  1  1  0/0    20:06   1:55   2:04 
Mike Blunden             0  0  0   1  0   2  0  0  0  0  0/0    13:40   1:51   0:00 
Mike Grier               0  0  0  -2  0   2  0  0  0  1  1/3    23:38   2:35   2:03 
Petteri Nokelainen       0  0  0  -2  0   1  3  0  0  0  12/27  18:15   2:35   0:01 
Ryan White               1  2  3   1  0   1  0  0  0  1  4/11   13:39   1:51   0:00 
Shawn Thornton           0  1  1  -1  0   1  1  0  1  1  1/1    14:00   1:36   0:26 
Stu Bickel               0  0  0  -1  0   0  1  1  0  1  0/0    18:59   1:55   2:04 

3 Stars

1 - Ryan White (Pro)
2 - Brad Richardson (Vic)
3 - Janne Niskala (Vic)

Power Play

Demolitions - 0 on 3 Attempt(s) - 0,00%
Punishers - 1 on 4 Attempt(s) - 25,00%

Penalty Kill

Demolitions - 3 on 4 Attempt(s) - 75,00% - Score 0 goal in Penalty Kill
Punishers - 3 on 3 Attempt(s) - 100,00% - Score 0 goal in Penalty Kill

Official

Referees : Fraser Kerry and Auger Stephane
Linesman : Mark Pare and Don Henderson

Game Notes

No Game Note

Demolitions

5 vs 5 Forward 
   Center                   Left Wing                Right Wing               Time % Phy DF OF 
 1 Brad Richardson          Marco Sturm              Jeremy Williams          40     1   2  2  
 2 Ryan Craig               Petr Vrana               Anthony Stewart          30     1   2  2  
 3 Vince Rocco              Masi Marjamaki           Brandon Bochenski        20     1   2  2  
 4 Brad Richardson          Robert Klinkhammer       Marc-André Bernier       10     1   2  2  

5 vs 5 Defense 
   Defense                  Defense                                           Time % Phy DF OF 
 1 Janne Niskala            Dennis Seidenberg                                 40     1   2  2  
 2 Andy Rogers              Anton Babchuk                                     30     1   2  2  
 3 Taylor Chorney           Vladimir Mihalik                                  20     1   2  2  
 4 Anssi Salmela            Kyle Wharton                                      10     1   2  2  

PowerPlay Forward 
   Center                   Left Wing                Right Wing               Time % Phy DF OF 
 1 Brad Richardson          Marco Sturm              Jeremy Williams          60     1   2  2  
 2 Ryan Craig               Petr Vrana               Anthony Stewart          40     1   2  2  

PowerPlay Defense
   Defense                  Defense                                           Time % Phy DF OF 
 1 Janne Niskala            Dennis Seidenberg                                 60     1   2  2  
 2 Andy Rogers              Anton Babchuk                                     40     1   2  2  

Penalty Kill 4 Players Forward 
   Center                   Wing                     Time % Phy DF OF 
 1 Brad Richardson          Jeremy Williams          60     1   2  2  
 2 Marco Sturm              Anthony Stewart          40     1   2  2  

Penalty Kill 4 Players Defense
   Defense                  Defense                  Time % Phy DF OF 
 1 Janne Niskala            Dennis Seidenberg        60     1   2  2  
 2 Andy Rogers              Anton Babchuk            40     1   2  2  

Penalty Kill - 3 Players Forward 
   Forward                                           Time % Phy DF OF 
 1 Brad Richardson                                   60     1   2  2  
 2 Jeremy Williams                                   40     1   2  2  

Penalty Kill - 3 Players Defense
   Defense                  Defense                  Time % Phy DF OF 
 1 Janne Niskala            Dennis Seidenberg        60     1   2  2  
 2 Andy Rogers              Anton Babchuk            40     1   2  2  

4 vs 4 Forward 
   Center                   Wing                     Time % Phy DF OF 
 1 Brad Richardson          Jeremy Williams          60     1   2  2  
 2 Marco Sturm              Anthony Stewart          40     1   2  2  

4 vs 4 Defense
   Defense                  Defense                  Time % Phy DF OF 
 1 Janne Niskala            Dennis Seidenberg        60     1   2  2  
 2 Andy Rogers              Anton Babchuk            40     1   2  2  

Last Minutes Offensive
   Center                   Left Wing                Right Wing               Defense                  Defense                  
   Brad Richardson          Marco Sturm              Jeremy Williams          Janne Niskala            Dennis Seidenberg        

Last Minutes Defensive
   Center                   Left Wing                Right Wing               Defense                  Defense                  
   Brad Richardson          Marco Sturm              Jeremy Williams          Janne Niskala            Dennis Seidenberg        

Goaltenders
Starting : Antero Niittymaki        
Backup : Sergei Bobrovsky         

Extra Forwards
Normal : Brandon Bochenski, Marc-André Bernier, Masi Marjamaki - PP : Brandon Bochenski, Marc-André Bernier - PK : Masi Marjamaki
Extra Defensemen
Normal : Taylor Chorney, Vladimir Mihalik, Anssi Salmela - PP : Taylor Chorney - PK : Vladimir Mihalik, Anssi Salmela
Penalty Shots
Brad Richardson, Jeremy Williams, Marco Sturm, Anthony Stewart, Ryan Craig

Punishers

5 vs 5 Forward 
   Center                   Left Wing                Right Wing               Time % Phy DF OF 
 1 Petteri Nokelainen       Kirk Maltby              Mike Grier               40     1   2  2  
 2 Ryan White               Kris Chucko              Mike Blunden             30     1   2  2  
 3 Joe Vitale               Shawn Thornton           Aaron Palushaj           20     1   2  2  
 4 Leo Komarov              Jason Gregoire           Jean-Michel Daoust       10     1   2  2  

5 vs 5 Defense 
   Defense                  Defense                                           Time % Phy DF OF 
 1 Marc-André Bergeron      Jean-Luc Grand-Pierre                             40     1   2  2  
 2 Matt Carkner             Stu Bickel                                        30     1   2  2  
 3 Adam McQuaid             Andrew Bodnarchuk                                 20     1   2  2  
 4 Marc-André Bergeron      Jean-Luc Grand-Pierre                             10     1   2  2  

PowerPlay Forward 
   Center                   Left Wing                Right Wing               Time % Phy DF OF 
 1 Petteri Nokelainen       Kirk Maltby              Mike Grier               60     1   2  2  
 2 Ryan White               Shawn Thornton           Mike Blunden             40     1   2  2  

PowerPlay Defense
   Defense                  Defense                                           Time % Phy DF OF 
 1 Marc-André Bergeron      Jean-Luc Grand-Pierre                             60     1   2  2  
 2 Matt Carkner             Stu Bickel                                        40     1   2  2  

Penalty Kill 4 Players Forward 
   Center                   Wing                     Time % Phy DF OF 
 1 Kirk Maltby              Mike Grier               60     1   2  2  
 2 Shawn Thornton           Kris Chucko              40     1   2  2  

Penalty Kill 4 Players Defense
   Defense                  Defense                  Time % Phy DF OF 
 1 Marc-André Bergeron      Jean-Luc Grand-Pierre    60     1   2  2  
 2 Matt Carkner             Stu Bickel               40     1   2  2  

Penalty Kill - 3 Players Forward 
   Forward                                           Time % Phy DF OF 
 1 Kirk Maltby                                       60     1   2  2  
 2 Mike Grier                                        40     1   2  2  

Penalty Kill - 3 Players Defense
   Defense                  Defense                  Time % Phy DF OF 
 1 Marc-André Bergeron      Jean-Luc Grand-Pierre    60     1   2  2  
 2 Matt Carkner             Stu Bickel               40     1   2  2  

4 vs 4 Forward 
   Center                   Wing                     Time % Phy DF OF 
 1 Kirk Maltby              Mike Grier               60     1   2  2  
 2 Shawn Thornton           Kris Chucko              40     1   2  2  

4 vs 4 Defense
   Defense                  Defense                  Time % Phy DF OF 
 1 Marc-André Bergeron      Jean-Luc Grand-Pierre    60     1   2  2  
 2 Matt Carkner             Stu Bickel               40     1   2  2  

Last Minutes Offensive
   Center                   Left Wing                Right Wing               Defense                  Defense                  
   Petteri Nokelainen       Kirk Maltby              Mike Grier               Marc-André Bergeron      Jean-Luc Grand-Pierre    

Last Minutes Defensive
   Center                   Left Wing                Right Wing               Defense                  Defense                  
   Petteri Nokelainen       Kirk Maltby              Mike Grier               Marc-André Bergeron      Jean-Luc Grand-Pierre    

Goaltenders
Starting : Curtis McElhinney        
Backup : Riku Helenius            

Extra Forwards
Normal : Joe Vitale, Leo Komarov, Aaron Palushaj - PP : Joe Vitale, Leo Komarov - PK : Aaron Palushaj
Extra Defensemen
Normal : Adam McQuaid, Andrew Bodnarchuk, Matt Carkner - PP : Adam McQuaid - PK : Andrew Bodnarchuk, Matt Carkner
Penalty Shots
Kirk Maltby, Mike Grier, Shawn Thornton, Kris Chucko, Petteri Nokelainen

% Time on Ice - Demolitions

Lines # - Real PCT - Wanted PCT - Time Play
Normal Forward
1 - 31% - 40% - 13:47
2 - 31% - 30% - 13:36
3 - 26% - 20% - 11:30
4 - 12% - 10% - 5:30
Normal Defense
1 - 39% - 40% - 17:17
2 - 31% - 30% - 13:39
3 - 20% - 20% - 8:53
4 - 10% - 10% - 4:34
PP Forward
1 - 51% - 60% - 2:03
2 - 49% - 40% - 1:56
PP Defense
1 - 50% - 60% - 2:00
2 - 50% - 40% - 1:59
PK Forward
1 - 95% - 60% - 4:12
2 - 5% - 40% - 0:14
PK Defense
1 - 56% - 60% - 2:30
2 - 44% - 40% - 1:56
PK3 Forward
1 - 0% - 60%
2 - 0% - 40%
PK3 Defense
1 - 0% - 60%
2 - 0% - 40%
44 Forward
1 - 80% - 60% - 4:46
2 - 20% - 40% - 1:11
44 Defense
1 - 63% - 60% - 3:44
2 - 37% - 40% - 2:13
Last Minute Offensive  - 0:00
Last Minute Defensive  - 1:15
Total
Forward - 60:00
Defense - 60:00

% Time on Ice - Punishers

Lines # - Real PCT - Wanted PCT - Time Play
Normal Forward
1 - 34% - 40% - 14:59
2 - 28% - 30% - 12:17
3 - 24% - 20% - 10:36
4 - 15% - 10% - 6:31
Normal Defense
1 - 41% - 40% - 18:16
2 - 29% - 30% - 12:40
3 - 26% - 20% - 11:36
4 - 4% - 10% - 1:51
PP Forward
1 - 58% - 60% - 2:35
2 - 42% - 40% - 1:51
PP Defense
1 - 57% - 60% - 2:31
2 - 43% - 40% - 1:55
PK Forward
1 - 90% - 60% - 3:35
2 - 10% - 40% - 0:24
PK Defense
1 - 48% - 60% - 1:55
2 - 52% - 40% - 2:04
PK3 Forward
1 - 0% - 60%
2 - 0% - 40%
PK3 Defense
1 - 0% - 60%
2 - 0% - 40%
44 Forward
1 - 78% - 60% - 4:40
2 - 22% - 40% - 1:17
44 Defense
1 - 63% - 60% - 3:45
2 - 37% - 40% - 2:12
Last Minute Offensive  - 1:15
Last Minute Defensive  - 0:00
Total
Forward - 60:00
Defense - 60:00

Play by Play

1st period


0:01 of 1st period - Petteri Nokelainen wins face-off versus Brad Richardson in neutral zone.
1:13 of 1st period - Slapshot by Anton Babchuk.
1:13 of 1st period - Shot Misses the Net.
2:06 of 1st period - Wrist shot by Joe Vitale.
2:06 of 1st period - Shot Blocked by Taylor Chorney.
2:32 of 1st period - Ryan Craig is hit by Jean-Michel Daoust.
3:15 of 1st period - Snap shot by Kris Chucko.
3:15 of 1st period - Stopped by Antero Niittymaki with a rebound.
3:43 of 1st period - Snap shot by Jean-Luc Grand-Pierre.
3:43 of 1st period - Stopped by Antero Niittymaki with a rebound.
3:53 of 1st period - Jean-Luc Grand-Pierre is hit by Marc-André Bernier and loses puck.
4:00 of 1st period - Snap shot by Brandon Bochenski.
4:00 of 1st period - Shot Misses the Net.
4:04 of 1st period - Snap shot by Marc-André Bernier.
4:04 of 1st period - Stopped by Curtis McElhinney without a rebound.
4:05 of 1st period - Mike Grier wins face-off versus Brad Richardson in Punishers zone.
4:37 of 1st period - Joe Vitale is hit by Ryan Craig and loses puck.
5:08 of 1st period - Wrist shot by Masi Marjamaki.
5:08 of 1st period - Deflect By Anthony Stewart.
5:08 of 1st period - Stopped by Curtis McElhinney with a rebound.
5:34 of 1st period - Icing by Shawn Thornton.
5:35 of 1st period - Ryan Craig wins face-off versus Joe Vitale in Punishers zone.
5:40 of 1st period - Wrist shot by Anthony Stewart.
5:40 of 1st period - Shot Blocked by Adam McQuaid.
5:54 of 1st period - Icing by Brandon Bochenski.
5:55 of 1st period - Vince Rocco wins face-off versus Petteri Nokelainen in Demolitions zone.
6:04 of 1st period - Snap shot by Brandon Bochenski.
6:04 of 1st period - Stopped by Curtis McElhinney with a rebound.
6:22 of 1st period - Off-side.
6:23 of 1st period - Ryan White wins face-off versus Brad Richardson in neutral zone.
6:26 of 1st period - Slapshot by Kris Chucko.
6:26 of 1st period - Goal by Kris Chucko - Demolitions : 0 - Punishers : 1.
6:27 of 1st period - Petteri Nokelainen wins face-off versus Brad Richardson in neutral zone.
6:59 of 1st period - Snap shot by Kris Chucko.
6:59 of 1st period - Stopped by Antero Niittymaki with a rebound.
7:01 of 1st period - Slapshot by Jean-Luc Grand-Pierre.
7:01 of 1st period - Shot Misses the Net.
7:03 of 1st period - Slapshot by Marc-André Bergeron.
7:03 of 1st period - Deflect By Mike Blunden.
7:03 of 1st period - Stopped by Antero Niittymaki without a rebound.
7:04 of 1st period - Petteri Nokelainen wins face-off versus Brad Richardson in Demolitions zone.
7:10 of 1st period - Snap shot by Mike Grier.
7:10 of 1st period - Shot Misses the Net.
7:12 of 1st period - Snap shot by Mike Grier.
7:12 of 1st period - Deflect By Petteri Nokelainen.
7:12 of 1st period - Shot Blocked by Dennis Seidenberg.
7:12 of 1st period - Puck is out of play.
7:13 of 1st period - Petteri Nokelainen wins face-off versus Brad Richardson in Demolitions zone.
7:20 of 1st period - Snap shot by Mike Grier.
7:20 of 1st period - Shot Misses the Net.
7:22 of 1st period - Slapshot by Matt Carkner.
7:22 of 1st period - Stopped by Antero Niittymaki with a rebound.
7:24 of 1st period - Snap shot by Kirk Maltby.
7:24 of 1st period - Deflect By Mike Grier.
7:24 of 1st period - Shot Misses the Net.
7:24 of 1st period - Puck is out of play.
7:25 of 1st period - Brad Richardson wins face-off versus Petteri Nokelainen in Demolitions zone.
8:13 of 1st period - Slapshot by Janne Niskala.
8:13 of 1st period - Deflect By Brandon Bochenski.
8:13 of 1st period - Shot Misses the Net.
8:13 of 1st period - Puck is out of play.
8:14 of 1st period - Vince Rocco wins face-off versus Ryan White in Punishers zone.
8:24 of 1st period - Off-side.
8:25 of 1st period - Brad Richardson wins face-off versus Mike Grier in neutral zone.
8:28 of 1st period - Snap shot by Brad Richardson.
8:28 of 1st period - Stopped by Curtis McElhinney without a rebound.
8:29 of 1st period - Brad Richardson wins face-off versus Petteri Nokelainen in Punishers zone.
8:30 of 1st period - Wrist shot by Jeremy Williams.
8:30 of 1st period - Deflect By Kirk Maltby.
8:30 of 1st period - Stopped by Curtis McElhinney with a rebound.
8:35 of 1st period - Kirk Maltby is hit by Jeremy Williams and loses puck.
8:42 of 1st period - Slapshot by Marc-André Bergeron.
8:42 of 1st period - Shot Misses the Net.
8:44 of 1st period - Snap shot by Petteri Nokelainen.
8:44 of 1st period - Shot Misses the Net.
9:04 of 1st period - Minor Penalty to Kris Chucko for Hooking.
9:04 of 1st period - Minor Penalty to Petr Vrana for High sticking.
9:05 of 1st period - Kirk Maltby wins face-off versus Brad Richardson in Demolitions zone.
9:46 of 1st period - Slapshot by Marc-André Bergeron.
9:46 of 1st period - Stopped by Antero Niittymaki without a rebound.
9:47 of 1st period - Shawn Thornton wins face-off versus Brad Richardson in Demolitions zone.
9:52 of 1st period - Snap shot by Shawn Thornton.
9:52 of 1st period - Shot Misses the Net.
10:12 of 1st period - Mike Grier is hit by Dennis Seidenberg and loses puck.
10:19 of 1st period - Wrist shot by Anthony Stewart.
10:19 of 1st period - Shot Blocked by Jean-Luc Grand-Pierre.
11:04 of 1st period - Penalty to Kris Chucko is over, Kris Chucko is back on ice.
11:04 of 1st period - Penalty to Petr Vrana is over, Petr Vrana is back on ice.
11:07 of 1st period - Marc-André Bernier is hit by Jean-Luc Grand-Pierre.
11:27 of 1st period - Wrist shot by Marc-André Bergeron.
11:27 of 1st period - Deflect By Andy Rogers.
11:27 of 1st period - Stopped by Antero Niittymaki with a rebound.
11:29 of 1st period - Slapshot by Jean-Luc Grand-Pierre.
11:29 of 1st period - Stopped by Antero Niittymaki without a rebound.
11:30 of 1st period - Ryan White wins face-off versus Vince Rocco in Demolitions zone.
11:41 of 1st period - Snap shot by Mike Blunden.
11:41 of 1st period - Shot Misses the Net.
12:06 of 1st period - Slapshot by Dennis Seidenberg.
12:06 of 1st period - Deflect By Brandon Bochenski.
12:06 of 1st period - Shot Misses the Net.
12:06 of 1st period - Puck is out of play.
12:07 of 1st period - Petteri Nokelainen wins face-off versus Ryan Craig in Punishers zone.
12:12 of 1st period - Slapshot by Marc-André Bergeron.
12:12 of 1st period - Shot Misses the Net.
12:14 of 1st period - Wrist shot by Mike Grier.
12:14 of 1st period - Shot Misses the Net.
12:29 of 1st period - Kirk Maltby is hit by Petr Vrana and loses puck.
12:47 of 1st period - Wrist shot by Jean-Luc Grand-Pierre.
12:47 of 1st period - Shot Misses the Net.
12:49 of 1st period - Slapshot by Mike Grier.
12:49 of 1st period - Stopped by Antero Niittymaki with a rebound.
12:54 of 1st period - Off-side.
12:55 of 1st period - Aaron Palushaj wins face-off versus Brad Richardson in neutral zone.
12:57 of 1st period - Off-side.
12:58 of 1st period - Brad Richardson wins face-off versus Joe Vitale in neutral zone.
13:24 of 1st period - Off-side.
13:25 of 1st period - Masi Marjamaki wins face-off versus Ryan White in neutral zone.
13:30 of 1st period - Slapshot by Janne Niskala.
13:30 of 1st period - Stopped by Curtis McElhinney with a rebound.
13:54 of 1st period - Snap shot by Kirk Maltby.
13:54 of 1st period - Stopped by Antero Niittymaki with a rebound.
14:15 of 1st period - Wrist shot by Anthony Stewart.
14:15 of 1st period - Stopped by Curtis McElhinney without a rebound.
14:16 of 1st period - Ryan Craig wins face-off versus Ryan White in Punishers zone.
14:17 of 1st period - Snap shot by Anthony Stewart.
14:17 of 1st period - Stopped by Curtis McElhinney with a rebound.
14:29 of 1st period - Snap shot by Anthony Stewart.
14:29 of 1st period - Shot Blocked by Jean-Luc Grand-Pierre.
14:37 of 1st period - Wrist shot by Anthony Stewart.
14:37 of 1st period - Shot Blocked by Marc-André Bergeron.
14:43 of 1st period - Marc-André Bergeron is hit by Petr Vrana and loses puck.
15:30 of 1st period - Snap shot by Brandon Bochenski.
15:30 of 1st period - Stopped by Curtis McElhinney without a rebound.
15:31 of 1st period - Jeremy Williams wins face-off versus Petteri Nokelainen in Punishers zone.
15:34 of 1st period - Slapshot by Brad Richardson.
15:34 of 1st period - Deflect By Jeremy Williams.
15:34 of 1st period - Shot Misses the Net.
15:34 of 1st period - Puck is out of play.
15:35 of 1st period - Kirk Maltby wins face-off versus Brad Richardson in Punishers zone.
15:51 of 1st period - Minor Penalty to Andrew Bodnarchuk for Holding.
15:52 of 1st period - Brad Richardson wins face-off versus Kirk Maltby in Punishers zone.
16:37 of 1st period - Snap shot by Kris Chucko.
16:37 of 1st period - Stopped by Antero Niittymaki with a rebound.
17:05 of 1st period - Wrist shot by Kris Chucko.
17:05 of 1st period - Stopped by Antero Niittymaki with a rebound.
17:07 of 1st period - Snap shot by Matt Carkner.
17:07 of 1st period - Stopped by Antero Niittymaki without a rebound.
17:08 of 1st period - Brad Richardson wins face-off versus Aaron Palushaj in Demolitions zone.
17:51 of 1st period - Penalty to Andrew Bodnarchuk is over, Andrew Bodnarchuk is back on ice.
18:35 of 1st period - Snap shot by Masi Marjamaki.
18:35 of 1st period - Stopped by Curtis McElhinney with a rebound.
18:37 of 1st period - Slapshot by Anton Babchuk.
18:37 of 1st period - Shot Misses the Net.
18:39 of 1st period - Wrist shot by Brandon Bochenski.
18:39 of 1st period - Shot Blocked by Adam McQuaid.
18:41 of 1st period - Slapshot by Andy Rogers.
18:41 of 1st period - Shot Misses the Net.
18:45 of 1st period - Wrist shot by Brandon Bochenski.
18:45 of 1st period - Stopped by Curtis McElhinney without a rebound.
18:46 of 1st period - Brad Richardson wins face-off versus Joe Vitale in Punishers zone.
18:59 of 1st period - Wrist shot by Jeremy Williams.
18:59 of 1st period - Shot Misses the Net.
19:01 of 1st period - Snap shot by Jeremy Williams.
19:01 of 1st period - Stopped by Curtis McElhinney with a rebound.
19:27 of 1st period - Wrist shot by Matt Carkner.
19:27 of 1st period - Stopped by Antero Niittymaki with a rebound.
19:55 of 1st period - Ryan Craig is hit by Jason Gregoire and loses puck.

2nd period


0:01 of 2nd period - Petteri Nokelainen wins face-off versus Brad Richardson in neutral zone.
0:58 of 2nd period - Backhand shot by Brandon Bochenski.
0:58 of 2nd period - Shot Blocked by Stu Bickel.
1:12 of 2nd period - Snap shot by Brad Richardson.
1:12 of 2nd period - Stopped by Curtis McElhinney with a rebound.
1:32 of 2nd period - Snap shot by Anthony Stewart.
1:32 of 2nd period - Deflect By Petteri Nokelainen.
1:32 of 2nd period - Shot Blocked by Andrew Bodnarchuk.
1:32 of 2nd period - Puck is out of play.
1:33 of 2nd period - Petteri Nokelainen wins face-off versus Ryan Craig in Punishers zone.
1:48 of 2nd period - Snap shot by Anthony Stewart.
1:48 of 2nd period - Shot Misses the Net.
2:08 of 2nd period - Marc-André Bergeron is hit by Masi Marjamaki and loses puck.
2:23 of 2nd period - Anton Babchuk is hit by Marc-André Bergeron and loses puck.
2:30 of 2nd period - Snap shot by Kris Chucko.
2:30 of 2nd period - Deflect By Mike Blunden.
2:30 of 2nd period - Stopped by Antero Niittymaki without a rebound.
2:31 of 2nd period - Jeremy Williams wins face-off versus Ryan White in Demolitions zone.
2:56 of 2nd period - Matt Carkner is hit by Anthony Stewart and loses puck.
3:03 of 2nd period - Slapshot by Marc-André Bergeron.
3:03 of 2nd period - Stopped by Antero Niittymaki with a rebound.
3:05 of 2nd period - Slapshot by Jean-Luc Grand-Pierre.
3:05 of 2nd period - Stopped by Antero Niittymaki without a rebound.
3:06 of 2nd period - Petteri Nokelainen wins face-off versus Ryan Craig in Demolitions zone.
3:22 of 2nd period - Slapshot by Marc-André Bergeron.
3:22 of 2nd period - Shot Blocked by Janne Niskala.
4:02 of 2nd period - Snap shot by Shawn Thornton.
4:02 of 2nd period - Shot Misses the Net.
5:36 of 2nd period - Snap shot by Kirk Maltby.
5:36 of 2nd period - Stopped by Antero Niittymaki with a rebound.
6:04 of 2nd period - Snap shot by Marc-André Bernier.
6:04 of 2nd period - Shot Misses the Net.
7:21 of 2nd period - Wrist shot by Kris Chucko.
7:21 of 2nd period - Shot Misses the Net.
7:35 of 2nd period - Snap shot by Ryan Craig.
7:35 of 2nd period - Stopped by Curtis McElhinney without a rebound.
7:36 of 2nd period - Joe Vitale wins face-off versus Ryan Craig in Punishers zone.
7:36 of 2nd period - Joe Vitale is hit by Petr Vrana.
7:39 of 2nd period - Icing by Shawn Thornton.
7:40 of 2nd period - Joe Vitale wins face-off versus Ryan Craig in Punishers zone.
7:49 of 2nd period - Snap shot by Ryan Craig.
7:49 of 2nd period - Deflect By Petr Vrana.
7:49 of 2nd period - Shot Misses the Net.
7:49 of 2nd period - Puck is out of play.
7:50 of 2nd period - Brad Richardson wins face-off versus Petteri Nokelainen in Punishers zone.
7:59 of 2nd period - Janne Niskala is hit by Kirk Maltby and loses puck.
8:36 of 2nd period - Wrist shot by Brandon Bochenski.
8:36 of 2nd period - Stopped by Curtis McElhinney with a rebound.
8:38 of 2nd period - Slapshot by Andy Rogers.
8:38 of 2nd period - Deflect By Shawn Thornton.
8:38 of 2nd period - Stopped by Curtis McElhinney with a rebound.
8:40 of 2nd period - Snap shot by Brandon Bochenski.
8:40 of 2nd period - Shot Misses the Net.
8:42 of 2nd period - Slapshot by Vladimir Mihalik.
8:42 of 2nd period - Stopped by Curtis McElhinney with a rebound.
9:02 of 2nd period - Brad Richardson is hit by Jean-Michel Daoust and loses puck.
9:23 of 2nd period - Wrist shot by Anthony Stewart.
9:23 of 2nd period - Shot Misses the Net.
9:27 of 2nd period - Snap shot by Petr Vrana.
9:27 of 2nd period - Stopped by Curtis McElhinney with a rebound.
9:31 of 2nd period - Slapshot by Ryan Craig.
9:31 of 2nd period - Goal by Ryan Craig - Demolitions : 1 - Punishers : 1.
9:32 of 2nd period - Brad Richardson wins face-off versus Petteri Nokelainen in neutral zone.
10:23 of 2nd period - Icing by Aaron Palushaj.
10:24 of 2nd period - Joe Vitale wins face-off versus Vince Rocco in Punishers zone.
11:51 of 2nd period - Minor Penalty to Vince Rocco for Holding.
11:52 of 2nd period - Brad Richardson wins face-off versus Petteri Nokelainen in Demolitions zone.
12:33 of 2nd period - Slapshot by Marco Sturm.
12:33 of 2nd period - Stopped by Curtis McElhinney without a rebound.
12:34 of 2nd period - Ryan White wins face-off versus Ryan Craig in Punishers zone.
12:34 of 2nd period - Ryan White is hit by Marco Sturm.
12:40 of 2nd period - Snap shot by Matt Carkner.
12:40 of 2nd period - Stopped by Antero Niittymaki without a rebound.
12:41 of 2nd period - Brad Richardson wins face-off versus Petteri Nokelainen in Demolitions zone.
13:11 of 2nd period - Slapshot by Matt Carkner.
13:11 of 2nd period - Shot Misses the Net.
13:13 of 2nd period - Snap shot by Shawn Thornton.
13:13 of 2nd period - Shot Misses the Net.
13:51 of 2nd period - Penalty to Vince Rocco is over, Vince Rocco is back on ice.
15:27 of 2nd period - Jason Gregoire is hit by Brad Richardson and loses puck.
15:50 of 2nd period - Double Minor Penalty to Kirk Maltby for Slashing.
15:51 of 2nd period - Ryan Craig wins face-off versus Aaron Palushaj in Punishers zone.
17:10 of 2nd period - Minor Penalty to Dennis Seidenberg for Hooking.
17:11 of 2nd period - Brad Richardson wins face-off versus Joe Vitale in Demolitions zone.
18:05 of 2nd period - Kris Chucko is hit by Anton Babchuk and loses puck.
18:22 of 2nd period - Backhand shot by Marco Sturm.
18:22 of 2nd period - Stopped by Curtis McElhinney with a rebound.
18:24 of 2nd period - Slapshot by Janne Niskala.
18:24 of 2nd period - Deflect By Anthony Stewart.
18:24 of 2nd period - Shot Blocked by Joe Vitale.
18:24 of 2nd period - Puck is out of play.
18:25 of 2nd period - Marco Sturm wins face-off versus Joe Vitale in Punishers zone.
18:26 of 2nd period - Wrist shot by Anthony Stewart.
18:26 of 2nd period - Stopped by Curtis McElhinney with a rebound.
19:03 of 2nd period - Slapshot by Marc-André Bergeron.
19:03 of 2nd period - Stopped by Antero Niittymaki with a rebound.
19:10 of 2nd period - Penalty to Dennis Seidenberg is over, Dennis Seidenberg is back on ice.
19:50 of 2nd period - Penalty to Kirk Maltby is over, Kirk Maltby is back on ice.

3rd period


0:01 of 3rd period - Jeremy Williams wins face-off versus Petteri Nokelainen in neutral zone.
0:04 of 3rd period - Slapshot by Janne Niskala.
0:04 of 3rd period - Stopped by Curtis McElhinney with a rebound.
0:12 of 3rd period - Slapshot by Marc-André Bergeron.
0:12 of 3rd period - Shot Blocked by Brad Richardson.
0:14 of 3rd period - Snap shot by Petteri Nokelainen.
0:14 of 3rd period - Stopped by Antero Niittymaki without a rebound.
0:15 of 3rd period - Brad Richardson wins face-off versus Ryan White in Demolitions zone.
0:22 of 3rd period - Jean-Luc Grand-Pierre is hit by Marco Sturm and loses puck.
0:27 of 3rd period - Slapshot by Janne Niskala.
0:27 of 3rd period - Shot Blocked by Jean-Luc Grand-Pierre.
0:29 of 3rd period - Wrist shot by Brad Richardson.
0:29 of 3rd period - Deflect By Kris Chucko.
0:29 of 3rd period - Goal by Brad Richardson - Demolitions : 2 - Punishers : 1.
0:30 of 3rd period - Brad Richardson wins face-off versus Petteri Nokelainen in neutral zone.
0:32 of 3rd period - Minor Penalty to Jean-Luc Grand-Pierre for Interference.
0:32 of 3rd period - Minor Penalty to Brad Richardson for Hooking.
0:33 of 3rd period - Brandon Bochenski wins face-off versus Mike Grier in neutral zone.
0:44 of 3rd period - Snap shot by Jeremy Williams.
0:44 of 3rd period - Stopped by Curtis McElhinney without a rebound.
0:45 of 3rd period - Brandon Bochenski wins face-off versus Kirk Maltby in Punishers zone.
1:48 of 3rd period - Snap shot by Marco Sturm.
1:48 of 3rd period - Stopped by Curtis McElhinney with a rebound.
2:23 of 3rd period - Wrist shot by Joe Vitale.
2:23 of 3rd period - Stopped by Antero Niittymaki with a rebound.
2:32 of 3rd period - Penalty to Jean-Luc Grand-Pierre is over, Jean-Luc Grand-Pierre is back on ice.
2:32 of 3rd period - Penalty to Brad Richardson is over, Brad Richardson is back on ice.
2:35 of 3rd period - Snap shot by Brad Richardson.
2:35 of 3rd period - Stopped by Curtis McElhinney without a rebound.
2:36 of 3rd period - Ryan White wins face-off versus Brad Richardson in Punishers zone.
2:36 of 3rd period - Ryan White is hit by Marc-André Bernier.
2:50 of 3rd period - Snap shot by Kris Chucko.
2:50 of 3rd period - Stopped by Antero Niittymaki with a rebound.
2:52 of 3rd period - Slapshot by Kris Chucko.
2:52 of 3rd period - Shot Misses the Net.
3:03 of 3rd period - Minor Penalty to Vladimir Mihalik for Tripping.
3:04 of 3rd period - Brad Richardson wins face-off versus Kirk Maltby in Demolitions zone.
3:04 of 3rd period - Brad Richardson is hit by Petteri Nokelainen.
3:16 of 3rd period - Janne Niskala is hit by Petteri Nokelainen and loses puck.
3:29 of 3rd period - Snap shot by Shawn Thornton.
3:29 of 3rd period - Stopped by Antero Niittymaki with a rebound.
3:31 of 3rd period - Snap shot by Matt Carkner.
3:31 of 3rd period - Goal by Matt Carkner - Demolitions : 2 - Punishers : 2.
3:32 of 3rd period - Petteri Nokelainen wins face-off versus Brad Richardson in neutral zone.
4:06 of 3rd period - Slapshot by Matt Carkner.
4:06 of 3rd period - Stopped by Antero Niittymaki with a rebound.
4:22 of 3rd period - Brandon Bochenski is hit by Shawn Thornton and loses puck.
4:37 of 3rd period - Petteri Nokelainen is hit by Anton Babchuk and loses puck.
5:06 of 3rd period - Snap shot by Leo Komarov.
5:06 of 3rd period - Stopped by Antero Niittymaki with a rebound.
5:27 of 3rd period - Taylor Chorney is hit by Jean-Luc Grand-Pierre and loses puck.
6:18 of 3rd period - Wrist shot by Marc-André Bernier.
6:18 of 3rd period - Shot Misses the Net.
6:50 of 3rd period - Snap shot by Ryan White.
6:50 of 3rd period - Goal by Ryan White - Demolitions : 2 - Punishers : 3.
6:51 of 3rd period - Petteri Nokelainen wins face-off versus Brad Richardson in neutral zone.
7:05 of 3rd period - Off-side.
7:06 of 3rd period - Brad Richardson wins face-off versus Ryan White in neutral zone.
7:09 of 3rd period - Marc-André Bergeron is hit by Brad Richardson and loses puck.
7:18 of 3rd period - Snap shot by Kris Chucko.
7:18 of 3rd period - Shot Misses the Net.
7:57 of 3rd period - Slapshot by Andy Rogers.
7:57 of 3rd period - Stopped by Curtis McElhinney without a rebound.
7:58 of 3rd period - Vince Rocco wins face-off versus Joe Vitale in Punishers zone.
8:09 of 3rd period - Snap shot by Brandon Bochenski.
8:09 of 3rd period - Goal by Brandon Bochenski - Demolitions : 3 - Punishers : 3.
8:10 of 3rd period - Brad Richardson wins face-off versus Petteri Nokelainen in neutral zone.
8:19 of 3rd period - Slapshot by Brad Richardson.
8:19 of 3rd period - Goal by Brad Richardson - Demolitions : 4 - Punishers : 3.
8:20 of 3rd period - Brad Richardson wins face-off versus Petteri Nokelainen in neutral zone.
8:31 of 3rd period - Slapshot by Marc-André Bergeron.
8:31 of 3rd period - Stopped by Antero Niittymaki without a rebound.
8:32 of 3rd period - Kirk Maltby wins face-off versus Brad Richardson in Demolitions zone.
8:45 of 3rd period - Snap shot by Mike Grier.
8:45 of 3rd period - Stopped by Antero Niittymaki without a rebound.
8:46 of 3rd period - Jeremy Williams wins face-off versus Petteri Nokelainen in Demolitions zone.
9:20 of 3rd period - Snap shot by Jean-Luc Grand-Pierre.
9:20 of 3rd period - Stopped by Antero Niittymaki without a rebound.
9:21 of 3rd period - Petteri Nokelainen wins face-off versus Ryan Craig in Demolitions zone.
9:46 of 3rd period - Matt Carkner is hit by Masi Marjamaki and loses puck.
10:07 of 3rd period - Snap shot by Brad Richardson.
10:07 of 3rd period - Shot Misses the Net.
10:09 of 3rd period - Backhand shot by Brad Richardson.
10:09 of 3rd period - Stopped by Curtis McElhinney without a rebound.
10:10 of 3rd period - Petteri Nokelainen wins face-off versus Brad Richardson in Punishers zone.
10:10 of 3rd period - Jean-Luc Grand-Pierre is hit by Robert Klinkhammer and loses puck.
10:23 of 3rd period - Wrist shot by Mike Grier.
10:23 of 3rd period - Shot Misses the Net.
10:25 of 3rd period - Slapshot by Marc-André Bergeron.
10:25 of 3rd period - Shot Blocked by Janne Niskala.
10:35 of 3rd period - Marc-André Bergeron is hit by Petr Vrana and loses puck.
10:42 of 3rd period - Slapshot by Matt Carkner.
10:42 of 3rd period - Shot Blocked by Petr Vrana.
12:03 of 3rd period - Backhand shot by Marc-André Bergeron.
12:03 of 3rd period - Stopped by Antero Niittymaki with a rebound.
12:21 of 3rd period - Snap shot by Mike Blunden.
12:21 of 3rd period - Shot Misses the Net.
12:41 of 3rd period - Snap shot by Kirk Maltby.
12:41 of 3rd period - Stopped by Antero Niittymaki without a rebound.
12:42 of 3rd period - Brad Richardson wins face-off versus Ryan White in Demolitions zone.
14:20 of 3rd period - Icing by Ryan White.
14:21 of 3rd period - Brad Richardson wins face-off versus Petteri Nokelainen in Punishers zone.
14:36 of 3rd period - Jeremy Williams is hit by Petteri Nokelainen and loses puck.
15:25 of 3rd period - Slapshot by Jean-Luc Grand-Pierre.
15:25 of 3rd period - Shot Blocked by Janne Niskala.
15:27 of 3rd period - Snap shot by Leo Komarov.
15:27 of 3rd period - Stopped by Antero Niittymaki with a rebound.
15:29 of 3rd period - Wrist shot by Leo Komarov.
15:29 of 3rd period - Deflect By Jean-Michel Daoust.
15:29 of 3rd period - Deflect By Janne Niskala.
15:29 of 3rd period - Stopped by Antero Niittymaki with a rebound.
15:31 of 3rd period - Slapshot by Leo Komarov.
15:31 of 3rd period - Stopped by Antero Niittymaki with a rebound.
15:43 of 3rd period - Stu Bickel is hit by Janne Niskala and loses puck.
15:49 of 3rd period - Minor Penalty to Jeremy Williams for Holding.
15:50 of 3rd period - Brad Richardson wins face-off versus Petteri Nokelainen in Demolitions zone.
15:59 of 3rd period - Andy Rogers is hit by Matt Carkner and loses puck.
16:24 of 3rd period - Anton Babchuk is hit by Stu Bickel.
17:49 of 3rd period - Penalty to Jeremy Williams is over, Jeremy Williams is back on ice.
19:01 of 3rd period - Punishers, Curtis McElhinney is pulled from the net.
19:09 of 3rd period - Wrist shot by Kirk Maltby.
19:09 of 3rd period - Stopped by Antero Niittymaki with a rebound.
19:49 of 3rd period - Snap shot by Kirk Maltby.
19:49 of 3rd period - Stopped by Antero Niittymaki with a rebound.


Output by the SimonT Hockey Simulator (STHS) for François Prévost -- Original Page W3C XHTML 1.0 Valid
Hockey Simulator - Hockey Simulation - Hockey Manager